 Dungeon Crawl Stone Soup version 0.23-a0-644-gb60d84b (webtiles) character file.

23 Amnesiac the Ducker (level 2, 0/16 HPs)
             Began as a Spriggan Berserker on Jan 1, 2019.
             Was a Believer of Trog.
             Succumbed to an adder's poison
             ... on level 2 of the Dungeon.
             The game lasted 00:01:55 (716 turns).

Amnesiac the Ducker (Spriggan Berserker)             Turns: 716, Time: 00:01:56

Health: 0/16       AC:  2    Str: 13    XL:     2   Next: 72%
Magic:  3/3        EV: 22    Int:  8    God:    Trog [**....]
Gold:   100        SH:  0    Dex: 15    Spells: 1/1 levels left

rFire    . . .     SeeInvis +   a - +0 falchion
rCold    . . .     Gourm    .   (shield restricted)
rNeg     . . .     Faith    .   b - +0 animal skin
rPois    .         Spirit   .   (helmet restricted)
rElec    .         Reflect  .   (no cloak)
rCorr    .         Harm     .   (gloves unavailable)
MR       .....                  (boots unavailable)
Stlth    +.........             (no amulet)
HPRegen  0.05/turn              h - +2 ring of evasion
MPRegen  0.08/turn              (no ring)

@: lethally poisoned (0 -> -20), very quick
A: very small, unfitting armour, see invisible, herbivore, speed 3, slow
metabolism 2
a: Berserk, Trog's Hand, Renounce Religion


You were on level 2 of the Dungeon.
You worshipped Trog.
Trog was pleased with you.
You were not hungry.

You visited 1 branch of the dungeon, and saw 2 of its levels.

You collected 100 gold pieces.

Inventory:

Hand Weapons
 a - a +0 falchion (weapon)
Armour
 b - a +0 animal skin (worn)
Jewellery
 h - a +2 ring of evasion (left hand)
Scrolls
 d - a scroll of fear {!r, unknown}
 e - a scroll of remove curse {!r, unknown}
 f - a scroll of blinking {!r, unknown}
 g - a scroll of identify {!r, unknown}
 j - a scroll of amnesia {!r, unknown}
Potions
 i - 2 potions of haste {!q, unknown}
 k - a potion of curing {!q, unknown}
Comestibles
 c - 2 rations


   Skills:
 + Level 2.6 Fighting
 * Level 2.9 Long Blades
 + Level 4.8 Dodging


You had one spell level left.
You didn't know any spells.
Your spell library was empty.

Dungeon Overview and Level Annotations

Branches:
Dungeon (2/15)

Altars:
Hepliaklqana


Innate Abilities, Weirdness & Mutations

You are very small and have problems with some larger weapons.
You are too small for most types of armour.
You have supernaturally acute eyesight. (SInv)
You are a herbivore.
You cover ground extremely quickly.
You need to consume almost no food.


Message History

There is a stone staircase leading down here.
You climb downwards.
An adder comes into view.
The adder hisses angrily.
Found a hazy altar of Hepliaklqana.
There is a stone staircase leading up here.
An adder is nearby!
You barely miss the adder. The adder bites you. The adder misses you.
You miss the adder. The adder closely misses you.
You barely miss the adder.
The adder closely misses you. x2; You riposte.
You closely miss the adder. You closely miss the adder.
The adder closely misses you.
You hit the adder but do no damage. The adder completely misses you.
You riposte.
You barely miss the adder. The adder closely misses you.
You barely miss the adder. The adder misses you.
You riposte.
You barely miss the adder. You closely miss the adder.
The adder closely misses you. The adder completely misses you.
You barely miss the adder. The adder bites you.
You are poisoned.
The adder poisons you!
You hit the adder.
The adder is lightly wounded.
You feel sick. The adder barely misses you.
You riposte.
You hit the adder.
The adder is moderately wounded.
The adder bites you.
* * * LOW HITPOINT WARNING * * *
You are lethally poisoned!
The adder poisons you!
You barely miss the adder.
The adder is moderately wounded.
* * * LOW HITPOINT WARNING * * *
You feel sick. The adder completely misses you.
You miss the adder.
The adder is moderately wounded.
* * * LOW HITPOINT WARNING * * *
You feel sick. The adder barely misses you. The adder bites you.
* * * LOW HITPOINT WARNING * * *
You are more poisoned.
The adder poisons you!
You are too injured to fight recklessly!
You are too injured to fight recklessly!
You are too injured to fight recklessly!
You are too injured to fight recklessly!
You are too injured to fight recklessly!
You are too injured to fight recklessly!
You are too injured to fight recklessly!
You are too injured to fight recklessly!
You are too injured to fight recklessly!
You are too injured to fight recklessly!
You are too injured to fight recklessly!
You are too injured to fight recklessly!
You are too injured to fight recklessly!
You are too injured to fight recklessly!
You are too injured to fight recklessly!
You are too injured to fight recklessly!
You are too injured to fight recklessly!
You are too injured to fight recklessly!
You are too injured to fight recklessly!
You are too injured to fight recklessly!
You are too injured to fight recklessly!
You are too injured to fight recklessly!
You are too injured to fight recklessly!
You die...

.. ......
. #.#..##
#. #.#...
#. #.#..
#..#...#
#.#...#
#..S..##
#....#
#@.#.#
#..#
.....
......#
#......#
#.......
###.#####
#.# #_#


You could see an adder.

Vanquished Creatures
  2 leopard geckos (D:1)
  2 ball pythons (D:1)
  2 bats (D:1)
  A giant cockroach (D:1)
  2 goblins (D:1)
  A hobgoblin (D:1)
  5 jackals (D:1)
  3 frilled lizards (D:1)
  A rat (D:1)
19 creatures vanquished.

Notes
Turn   | Place    | Note
-------+----------+-------------------------------------------
     0 | D:1      | Amnesiac the Spriggan Berserker began the quest for the
                  | Orb.
     0 | D:1      | Reached XP level 1. HP: 11/11 MP: 2/2
    83 | D:1      | Reached XP level 2. HP: 8/16 MP: 3/3
   513 | D:1      | Reached ** piety under Trog
   703 | D:2      | Found a hazy altar of Hepliaklqana.
   716 | D:2      | Succumbed to an adder's poison

Vault maps used:
D:1:      sevenhm_arrival_forest_fort_small_5, chequers_serial_rivers_micro_e,
          serial_bayou_pond_a, minmay_misc_feat_hallway
D:2:      wander_river, nicolae_overflow_hidden_temple, lemuel_doored_altar

Action                   || total
-------------------------++-------
Melee: Falchion          ||    62
 Stab: Sleeping          ||     2
Armor: Animal skin       ||     7
Dodge: Dodged            ||   110
       Rpst.: Falchion   ||    36

Table legend:
 A = Non-vault XP
 B = Vault XP
 C = Vault XP percentage of total XP
 D = Non-vault monster count
 E = Vault monster count
 F = Vault count percentage of total count
                 A         B        C        D         E       F
            +---------+---------+-------+---------+---------+-------
      Total |      33 |       0 |   0.0 |      19 |       0 |   0.0
            +---------+---------+-------+---------+---------+-------
        D:1 |      33 |       0 |   0.0 |      19 |       0 |   0.0
            +---------+---------+-------+---------+---------+-------
